Map: Odyssey LE

Players

Spectre - Winner!

  • Race: Terran Terran
  • League: Master
  • Spawn Location: 11:00

pRz

  • Race: Terran Terran
  • League: Diamond
  • Spawn Location: 5:00

VOD

Have the link to the VOD?

Description

Time

  • Played on: Jan. 20, 2018, 5:20 p.m.
  • Length: 12:24
Show
View Real Time Build Order
Export as new Build Order

Spectre Terran - Winner!

Build Orders: Cyclone Opening, Reaper Expand, MMM Bio 

Get SALT Encoding   

  12  0:00  SCV  
  13  0:13  SCV  
  14  0:17  Supply Depot  
  14  0:25  SCV  
  14  0:27  Refinery  
  15  0:39  SCV  
  16  0:46  Barracks  
  16  0:51  SCV  
  17  1:03  SCV  
  18  1:15  SCV  
  19  1:37  Reaper, Orbital Command  
  20  1:48  Command Center  
  20  2:01  Factory  
  20  2:03  SCV  
  21  2:09  Refinery  
  21  2:12  Reaper  
  22  2:15  SCV  
  22  2:21  Supply Depot  
  23  2:43  SCV  
  24  2:46  Cyclone  
  24  2:48  Marine  
  28  2:55  SCV  
  29  3:07  SCV  
  29  3:08  Barracks  
  29  3:11  Barracks Reactor  
  30  3:15  Barracks  
  30  3:16  Orbital Command  
  30  3:19  SCV  
  29  3:31  Cyclone  
  31  3:36  SCV  
  31  3:45  SCV  
  31  3:47  Marine x2  
  34  3:52  Supply Depot  
  34  4:01  Supply Depot  
  34  4:08  Barracks Tech Lab  
  31  4:17  Barracks Reactor, SCV x2  
  31  4:21  Marine x2  
  34  4:29  SCV  
  33  4:31  Stimpack  
  33  4:36  SCV  
  32  4:39  Marine  
  32  4:44  SCV  
  27  4:47  Marine  
  27  4:48  SCV  
  28  4:56  SCV  
  25  5:00  SCV  
  25  5:04  Cyclone  
  29  5:11  SCV  
  30  5:16  Marine x2  
  30  5:18  Marine  
  33  5:26  Marine x2  
  35  5:31  SCV  
  36  5:35  Marine x2  
  33  5:46  Marine x2  
  33  5:47  Cyclone  
  38  5:50  SCV x2  
  38  5:55  Orbital Command  
  40  5:59  Marine x2  
  40  6:00  Marine  
  40  6:02  SCV  
  45  6:09  Marine  
  44  6:14  Marine, SCV  
  44  6:17  Marine  
  46  6:21  Cyclone  
  46  6:22  Starport  
  49  6:26  SCV  
  49  6:30  Bunker, SCV  
  51  6:34  Marine x3  
  51  6:36  Combat Shields  
  54  6:52  Supply Depot  
  54  6:53  Supply Depot  
  54  7:05  Starport Reactor  
  54  7:06  Factory Tech Lab  
  54  7:14  Marine x5, SCV x2  
  61  7:20  Engineering Bay  
  61  7:23  Engineering Bay, Refinery  
  61  7:26  SCV x2  
  61  7:27  Siege Tank  
  66  7:31  Marine  
  66  7:32  Marine  
  66  7:34  Marine x2, Refinery  
  70  7:40  Supply Depot  
  70  7:43  Supply Depot  
  70  8:01  Medivac, Marine x3, SCV x2  
  70  8:04  Medivac  
  70  8:05  Supply Depot  
  79  8:11  Siege Tank  
  78  8:13  SCV x2  
  78  8:18  Marine  
  78  8:19  Marine  
  65  8:22  Marine  
  65  8:26  Marine x2  
  66  8:36  Marine  
  66  8:38  Marine  
  66  8:40  Marine  
  62  8:44  Marine x2  
  59  8:52  Terran Infantry Weapons Level 1  
  59  8:54  Marine  
  60  8:55  Marine  
  60  8:57  Terran Infantry Armor Level 1  
  60  8:58  Marine  
  60  9:02  Marine x2  
  64  9:03  SCV  
  64  9:04  SCV  
  66  9:12  Marine  
  66  9:13  Marine  
  66  9:15  Marine  
  69  9:20  Marine x2  
  69  9:23  SCV  
  72  9:27  Siege Tank  
  72  9:29  Medivac  
  72  9:30  Medivac, Marine  
  80  9:31  Marine  
  80  9:38  Marine x2  
  80  9:41  Marine  
  67  9:47  Marine  
  67  9:48  SCV  
  67  9:49  Marine  
  67  9:56  Marine x2  
  67  9:59  Marine  
  70  10:00  Command Center  
  70  10:05  Marine  
  71  10:07  Marine, SCV  
  73  10:14  Marine  
  73  10:16  Armory  
  73  10:17  Marine x2  
  73  10:20  Siege Tank  
  79  10:23  Marine  
  80  10:30  Barracks, Marine  
  81  10:36  Marine x2  
  81  10:40  Marine  
  81  10:44  Marine  
  78  10:59  Marine  
  78  11:03  Marine x4  
  73  11:17  Marine  
  70  11:21  Marine x3  
  73  11:30  Marine  
  70  11:35  Marine  
  70  11:38  Marine  
  70  11:39  Marine x2  
  74  11:48  Marine  
  74  11:53  Marine  
  76  11:55  SCV  
  76  11:56  Marine x2  
  76  11:57  Marine  
Show
View Real Time Build Order
Export as new Build Order

pRz Terran 

Build Orders:  

Get SALT Encoding   

  12  0:01  SCV  
  13  0:13  SCV  
  14  0:23  Supply Depot  
  14  0:25  SCV  
  15  0:45  Barracks  
  15  0:47  SCV  
  16  1:00  Barracks  
  16  1:03  Refinery  
  16  1:10  Barracks  
  16  1:14  SCV  
  17  1:20  Refinery  
  17  1:26  SCV  
  18  1:41  Orbital Command  
  18  1:48  Reaper  
  19  2:00  Reaper  
  20  2:04  Reaper  
  20  2:08  SCV  
  22  2:14  Supply Depot  
  22  2:25  Reaper  
  23  2:35  Supply Depot  
  23  2:36  Reaper, SCV  
  25  2:44  Reaper  
  26  2:55  SCV  
  26  2:57  Reaper  
  28  3:09  Reaper  
  29  3:16  Reaper  
  30  3:22  Command Center  
  30  3:30  Reaper  
  31  3:41  Reaper  
  31  3:46  SCV  
  32  3:48  Reaper  
  33  3:57  Factory  
  33  3:58  Supply Depot, SCV  
  33  4:02  Reaper  
  35  4:30  Reaper x2  
  35  4:34  Reaper  
  31  5:02  Reaper x2  
  31  5:03  Factory Tech Lab, SCV  
  31  5:04  SCV  
  31  5:06  Marine  
  36  5:08  Command Center  
  35  5:14  Factory  
  35  5:16  SCV  
  35  5:18  Orbital Command  
  36  5:23  Marine  
  36  5:25  Bunker  
  36  5:28  SCV  
  38  5:31  Siege Tank  
  38  5:34  Marine  
  41  5:47  SCV x2  
  41  5:48  Marine x2  
  45  5:51  Marine  
  46  5:59  SCV  
  47  6:18  Marine x2  
  47  6:19  Marine  
  47  6:20  SCV x2  
  47  6:25  Factory Reactor  
  52  6:30  Orbital Command  
  52  6:32  SCV x2, Starport  
  54  6:36  Siege Tank, Marine  
  58  6:40  Engineering Bay  
  59  6:56  Barracks Reactor  
  59  7:00  Barracks Reactor  
  57  7:17  Barracks Tech Lab  
  57  7:21  SCV x2  
  57  7:22  Missile Turret  
  59  7:25  Refinery  
  59  7:27  Refinery  
  59  7:30  Starport Tech Lab  
  59  7:31  Orbital Command  
  59  7:33  Supply Depot, SCV x2  
  59  7:34  Supply Depot  
  59  7:36  Supply Depot  
  61  7:45  Supply Depot, SCV x2  
  61  7:50  Cyclone, Siege Tank  
  61  7:51  Cyclone, Barracks x2  
  72  7:52  Barracks  
  72  7:57  SCV x2  
  74  7:59  Viking  
  76  8:09  SCV  
  69  8:22  Marine  
  69  8:23  Marine x4  
  74  8:29  Viking  
  76  8:40  Marine  
  76  8:41  Marine x2  
  75  8:47  Marine x2  
  66  8:48  Siege Tank  
  66  8:53  SCV x3  
  72  8:58  Barracks Tech Lab, Marine x2, Barracks Reactor  
  72  8:59  Barracks Reactor, Marine  
  72  9:02  Stimpack  
  75  9:05  Marine x2, SCV  
  78  9:12  SCV x2  
  78  9:13  Refinery  
  78  9:16  Marine x2  
  82  9:20  Marine x2  
  82  9:21  Siege Tank  
  82  9:22  Banshee  
  82  9:23  Marine x2  
  92  9:25  Refinery  
  92  9:27  Sensor Tower  
  92  9:28  SCV x2  
  92  9:29  SCV  
  95  9:34  Marine x2  
  95  9:38  Marine x2  
  96  9:40  SCV  
  96  9:41  Marine  
  87  9:47  Marine x5  
  87  9:51  SCV  
  87  9:52  SCV x2  
  94  9:53  Siege Tank  
  97  10:03  SCV  
  97  10:04  SCV  
  97  10:05  SCV  
  100  10:12  Marine x6  
  100  10:13  Terran Infantry Weapons Level 1  
  106  10:14  Sensor Tower  
  106  10:16  SCV  
  106  10:17  Engineering Bay, Marine x2  
  109  10:24  Cloaking Field  
  106  10:31  Marine x3  
  106  10:33  Command Center  
  106  10:43  Marine x2  
  106  10:44  Marine  
  103  10:54  Marine x3  
  103  10:57  Marine x3  
  93  11:05  Marine  
  93  11:10  Marine x3  
  92  11:12  Marine  
  92  11:15  Marine x4  
  92  11:17  Marine  
  71  11:23  Marine  
  67  11:28  Marine x2  
  43  11:43  Marine  
Tags
 
Add a new tag
Caveats
  • Supply blocks, unpowered buildings, or Contaminate may cause inaccurate times.
  • Supply counts are checked every 10 seconds.